 Dungeon Crawl Stone Soup version 0.30.1-3-gfc49f6343a (webtiles) character file.

Game seed: 10758573032578335633

567 Heoruswealwe the Magician (level 7, -4/36 HPs)
             Began as a Deep Elf Conjurer on Aug 2, 2023.
             Slain by an orc wizard
             ... wielding a +0 dagger
              (5 damage)
             ... on level 4 of the Dungeon.
             The game lasted 00:31:05 (2904 turns).

Heoruswealwe the Magician (Deep Elf Conjurer)       Turns: 2904, Time: 00:31:06

Health: -4/36      AC:  0    Str:  4    XL:     7   Next: 11%
Magic:  7/20       EV: 13    Int: 25    God:
Gold:   113        SH:  0    Dex: 19    Spells: 2/21 levels left

rFire   + . .        (no weapon)
rCold   . . .        (no shield)
rNeg    . . .        (no body armour)
rPois   .            (no helmet)
rElec   .            (no cloak)
rCorr   .            (no gloves)
SInv    .            (no boots)
Will    .....        (no amulet)
Stlth   ++           k - +6 ring of dexterity
HPRegen 0.26/turn    j - ring of protection from fire
MPRegen 0.17/turn

%: no passive effects
@: very slightly contaminated
A: no striking features
a: no special abilities


You were on level 4 of the Dungeon.
You visited 1 branch of the dungeon, and saw 4 of its levels.

You collected 113 gold pieces.

Inventory:

Jewellery
 j - a ring of protection from fire (right hand)
 k - a +6 ring of dexterity (left hand)
Scrolls
 i - 2 scrolls of magic mapping
Potions
 b - 2 potions of magic
 h - a potion of haste
 l - a potion of flight {unknown}


   Skills:
 - Level 2.4 Dodging
 - Level 2.4 Stealth
 + Level 7.6 Spellcasting
 + Level 7.4 Conjurations


You had 2 spell levels left.
You knew the following spells:

 Your Spells              Type           Power      Damage    Failure   Level
a - Magic Dart            Conj           100%       1d8       1%          1
b - Searing Ray           Conj           92%        2d7       1%          2
c - Dazzling Flash        Conj/Hex       56%        N/A       4%          3
d - Fulminant Prism       Conj/Hex       14%        3d8       14%         4
e - Iskenderun's Mystic   Conj/Tloc      28%        2d7       14%         4
f - Arcjolt               Conj/Air       14%        1d24      36%         5

Your spell library contained the following spells:

 Spells                   Type           Power      Damage    Failure   Level
 Apportation              Tloc           18%        N/A       6%          1
 Necrotise                Necr           36%        1d5       6%          1
 Summon Small Mammal      Summ           36%        N/A       6%          1
 Vhi's Electric Charge    Tloc/Air       18%        N/A       19%         3
 Maxwell's Capacitive Co  Air            4%         ∞         100%        8


Dungeon Overview and Level Annotations

Branches:
Dungeon (4/15)
 Temple: D:4-7

Altars:
Wu Jian


Message History

The orc hits you with a +0 mace.
* * * LOW HITPOINT WARNING * * *
The orc hits you with a +0 club.
* * * LOW HITPOINT WARNING * * *
The orc wizard misses you.
You feel better. Something hits you.
* * * LOW HITPOINT WARNING * * *
The orc closely misses you. The orc hits you with a +0 club.
* * * LOW HITPOINT WARNING * * *
The orc wizard hits you with a +0 dagger.
* * * LOW HITPOINT WARNING * * *
Casting: Iskenderun's Mystic Blast (quite dangerous; 14% risk of failure)
Confirm with . or Enter, or press ? or * to list all spells.
The spell is quite dangerous to miscast (14% risk of failure)!
Continue anyway?
You erupt in a blast of force!
The mystic blast hits the orc wizard!
You kill the orc wizard!
The mystic blast hits the orc!
You kill the orc!
The mystic blast hits the orc.
The orc is almost dead.
The orc is knocked back by the mystic blast.
The mystic blast hits something.
Casting: Iskenderun's Mystic Blast (quite dangerous; 14% risk of failure)
Confirm with . or Enter, or press ? or * to list all spells.
Aiming: Magic Dart (safe; 1% risk of failure)
Press: ? - help, Shift-Dir - straight line, f - orc
Aim: an orc, wielding a +0 mace and quivering stones (almost dead, 100% to hit)
The magic dart hits the orc.
You kill the orc!
Casting: Magic Dart (safe; 1% risk of failure)
Confirm with . or Enter, or press ? or * to list all spells.
Aiming: Searing Ray (safe; 1% risk of failure)
Press: ? - help, Shift-Dir - straight line The searing ray hits something! (Press . to maintain the ray.)
Something hits you.
* * * LOW HITPOINT WARNING * * *
A goblin comes into view. It is wielding a +0 dagger.
Something hits you.
You die...

...##..... .
.........## .g
#.........## #..
##..........##
..#..............
...............
#............#
#.){)........#.
#).@...........
.....###...........
...## ##.).>......
... ##.))...... ..
##........ .
#)).##... .)....#
#...)..# .......#


You could see a goblin (wandering).

Vanquished Creatures
  Sigmund (D:2)
  A phantom (D:3)
  2 gnoll boudas
  An orc wizard (D:4)
  Robin (D:4)
  9 gnolls
  5 adders
  5 worms
  A dart slug (D:1)
  4 orcs
  11 ball pythons
  5 endoplasms
  16 goblins
  6 hobgoblins
  3 jackals (D:2)
  6 kobolds
  3 quokkas
  6 bats
  3 frilled lizards
  12 rats
101 creatures vanquished.

Notes
Turn   | Place    | Note
-------+----------+-------------------------------------------
     0 | D:1      | Heoruswealwe the Deep Elf Conjurer began the quest for the
                  | Orb.
     0 | D:1      | Reached XP level 1. HP: 10/10 MP: 6/6
   210 | D:1      | Reached XP level 2. HP: 15/15 MP: 4/8
   213 | D:1      | Learned a level 2 spell: Searing Ray
   865 | D:2      | Reached skill level 5 in Conjurations
   865 | D:2      | Reached XP level 3. HP: 19/19 MP: 5/10
   869 | D:2      | Learned a level 3 spell: Dazzling Flash
  1273 | D:2      | Noticed Sigmund
  1281 | D:2      | Killed Sigmund
  1282 | D:2      | Reached XP level 4. HP: 24/24 MP: 0/14
  1282 | D:2      | Reached XP level 5. HP: 28/28 MP: 0/15
  1287 | D:2      | Learned a level 4 spell: Fulminant Prism
  1292 | D:2      | Learned a level 4 spell: Iskenderun's Mystic Blast
  1795 | D:3      | Noticed a phantom
  1799 | D:3      | Killed a phantom
  1800 | D:3      | Reached XP level 6. HP: 31/32 MP: 10/17
  2162 | D:3      | Learned a level 5 spell: Arcjolt
  2501 | D:3      | Found an ornate altar of the Wu Jian Council.
  2690 | D:2      | You fall into a shaft and drop 1 floor!
  2731 | D:4      | Noticed Robin
  2739 | D:4      | Killed Robin
  2761 | D:4      | Reached XP level 7. HP: 11/36 MP: 2/19
  2903 | D:4      | HP: 1/36 [something (4)]
  2904 | D:4      | Slain by an orc wizard

Illustrated notes

Levels and vault maps discovered:
D:1:      lemuel_arrival_room, layout_loops_ring, kennysheep_boxes
D:2:      layout_basic, minmay_unequal, uniq_sigmund
D:3:      wad_crossroads, layout_basic, mainiacjoe_overflow_surrounded_room,
          kennysheep_generic_room_2
D:4:      layout_cave_pools, amethyst_killhole, uniq_blork_the_orc, uniq_ijyb,
          uniq_robin, uniq_eustachio

Skill      XL: |  1  2  3  4  5  6 |
---------------+-------------------+-----
Spellcasting   | 4 6 7 |  7.6
Conjurations   | 5 6 7 |  7.4
Dodging        | |  2.4
Stealth        | |  2.4

Action                     |  1- 3 |  4- 6 |  7- 9 || total
---------------------------+-------+-------+-------++-------
   Cast: Magic Dart        |    77 |    68 |     1 ||   146
         Searing Ray       |     2 |    12 |     4 ||    18
         Iskenderun's Myst |       |     1 |     1 ||     2
    Use: Scroll            |       |     6 |       ||     6
         Potion            |       |     1 |     3 ||     4
 Armour: Robe              |     4 |       |       ||     4
  Dodge: Dodged            |     8 |    26 |    26 ||    60
